Map: Катализатор РВ

Players

Escanor - Winner!

  • Race: Terran Terran
  • Spawn Location: 5:00

UnavailablLv

  • Race: Protoss Protoss
  • League: Master
  • Spawn Location: 11:00

VOD

Have the link to the VOD?

Description

Time

  • Played on: Jan. 18, 2018, 3:47 p.m.
  • Length: 8:05
Show
View Real Time Build Order
Export as new Build Order

Escanor Terran - Winner!

Build Orders: Reaper Expand 

Get SALT Encoding   

  12  0:00  SCV  
  13  0:13  SCV  
  14  0:17  Supply Depot  
  14  0:25  SCV  
  15  0:29  Refinery  
  15  0:39  SCV  
  16  0:45  Barracks  
  16  0:51  SCV  
  17  1:03  SCV  
  18  1:15  SCV  
  19  1:34  Reaper, Orbital Command  
  20  1:50  Command Center  
  20  2:02  Factory  
  20  2:06  SCV  
  21  2:08  Barracks Reactor  
  21  2:14  Supply Depot  
  21  2:18  SCV  
  22  2:24  Refinery  
  22  2:30  SCV  
  23  2:42  SCV  
  24  2:45  Marine  
  24  2:46  Marine  
  24  2:47  Factory Tech Lab  
  26  2:55  SCV  
  27  3:00  Factory  
  27  3:03  Orbital Command  
  27  3:07  Refinery, SCV  
  28  3:15  Siege Tank  
  31  3:20  Marine x2  
  31  3:24  SCV  
  34  3:35  SCV  
  34  3:40  Marine x2  
  36  3:43  SCV  
  36  3:44  Supply Depot  
  36  3:47  Factory Tech Lab, Siege Tank  
  41  3:55  SCV  
  41  4:00  Marine x2  
  43  4:03  SCV  
  43  4:07  Siege Tank  
  47  4:15  SCV  
  47  4:16  Supply Depot  
  48  4:19  Siege Tank  
  51  4:32  SCV  
  52  4:38  Marine x2  
  52  4:42  Siege Tank  
  52  4:45  SCV  
  58  4:48  Supply Depot, SCV  
  59  4:55  Siege Tank  
  62  5:10  SCV  
  62  5:12  Supply Depot, SCV  
  64  5:14  Supply Depot  
  64  5:18  Bunker, Siege Tank  
  67  5:24  SCV  
  68  5:34  Siege Tank  
  71  5:36  Bunker  
  71  5:37  Engineering Bay, Marine x2  
  73  5:51  Command Center  
  73  5:53  SCV  
  73  5:55  Marine x2  
  73  5:56  Siege Tank  
  71  6:21  Command Center  
  71  6:24  Marine  
  72  6:29  Marine  
  67  6:43  Siege Tank  
  55  7:28  Orbital Command  
  55  7:35  Orbital Command  
Show
View Real Time Build Order
Export as new Build Order

UnavailablLv Protoss 

Build Orders: 1 Gate Expand, Blink Stalkers 

Get SALT Encoding   

  12  0:01  Probe  
  13  0:13  Probe  
  14  0:17  Pylon  
  14  0:25  Probe (Chrono Boost)  
  15  0:37  Probe (Chrono Boost)  
  16  0:43  Gateway  
  16  0:46  Probe (Chrono Boost)  
  16  0:48  Assimilator  
  17  0:51  Probe (Chrono Boost)  
  18  1:03  Probe (Chrono Boost)  
  19  1:12  Probe (Chrono Boost)  
  19  1:17  Probe  
  21  1:29  Nexus  
  21  1:39  Cybernetics Core  
  21  1:41  Probe  
  22  1:49  Assimilator  
  22  1:57  Probe  
  22  1:58  Pylon  
  23  2:13  Stalker (Chrono Boost)  
  23  2:16  Probe  
  23  2:17  Warp Gate  
  26  2:28  Twilight Council  
  26  2:32  Forge  
  26  2:40  Stalker  
  27  2:46  Probe  
  27  2:49  Probe  
  29  2:58  Probe, Protoss Ground Armor Level 1 (Chrono Boost)  
  29  3:02  Probe  
  31  3:10  Probe  
  32  3:17  Blink  
  32  3:22  Shield Battery  
  32  3:26  Probe x2  
  34  3:38  Probe  
  35  3:42  Gateway  
  35  3:44  Gateway  
  35  3:46  Probe  
  36  3:50  Probe  
  37  3:58  Robotics Facility  
  37  4:01  Pylon  
  37  4:05  Probe  
  37  4:06  Probe  
  39  4:18  Probe x2  
  39  4:21  Protoss Ground Armor Level 2 (Chrono Boost)  
  41  4:26  Stalker  
  41  4:30  Probe  
  44  4:37  Probe, Pylon  
  45  4:42  Stalker x2  
  49  4:46  Observer  
  50  4:59  Gateway x2  
  50  5:05  Gateway  
  50  5:08  Stalker x2  
  54  5:18  Immortal (Chrono Boost)  
  49  5:43  Pylon  
  49  5:44  Zealot  
  49  5:45  Pylon  
  49  6:03  Immortal (Chrono Boost)  
  53  6:05  Zealot  
  55  6:19  Pylon  
  55  6:21  Pylon  
  55  6:31  Pylon  
  55  6:32  Zealot  
  55  6:33  Zealot, Pylon  
  50  6:42  Zealot x2  
  31  6:58  Stalker  
  24  7:01  Stalker  
  22  7:22  Zealot x2  
Tags
 
Add a new tag
Caveats
  • Supply blocks, unpowered buildings, or Contaminate may cause inaccurate times.
  • Supply counts are checked every 10 seconds.